 Dungeon Crawl Stone Soup version 0.25-a0-663-gace7076f2c (webtiles) character file.

Game seed: 10891929967832707139, levelgen mode: deterministic

1192 nono the Skirmisher (level 8, -11/42 HPs)
             Began as a Vine Stalker Hunter on Mar 24, 2020.
             Mangled by an orc warrior
             ... wielding a +0 war axe
              (16 damage)
             ... on level 5 of the Dungeon.
             The game lasted 00:14:35 (5093 turns).

nono the Skirmisher (Vine Stalker Hunter)           Turns: 5093, Time: 00:14:35

Health: -11/42     AC:  9    Str: 15 (18) XL:     8   Next: 43%
Magic:  0/18       EV: 11    Int:  8 (11) God:
Gold:   265        SH:  0    Dex: 13 (14) Spells: 7/7 levels left

rFire    . . .     SeeInvis .   a - +0 short sword
rCold    . . .     Gourm    .   (no shield)
rNeg     . . .     Faith    .   u - +0 scale mail
rPois    .         Spirit   +   p - +0 helmet
rElec    .         Reflect  .   (no cloak)
rCorr    .         Harm     .   y - +0 pair of gloves
MR       +....                  (no boots)
Stlth    ..........             (no amulet)
HPRegen  0.54/turn              j - ring of magical power
MPRegen  0.16/turn              (no ring)

@: brilliant
A: fangs 3, regeneration 1, magic shield, antimagic bite, no potion heal 3, rot
immunity
a: no special abilities


You were on level 5 of the Dungeon.
You were hungry.

You visited 1 branch of the dungeon, and saw 7 of its levels.

You collected 265 gold pieces.

Inventory:

Hand Weapons
 a - a +0 short sword (weapon)
 k - a +0 rapier
Missiles
 c - 2 javelins (quivered)
Armour
 b - a +0 leather armour
 d - a +0 buckler
 p - a +0 helmet (worn)
 u - a +0 scale mail (worn)
 x - a cursed +0 leather armour
 y - a +0 pair of gloves (worn)
Jewellery
 j - a ring of magical power (left hand)
Wands
 t - a wand of polymorph (5)
 A - a wand of disintegration (14)
Scrolls
 g - 3 scrolls of remove curse {unknown}
 i - 2 scrolls of identify {unknown}
 m - a scroll of enchant armour {unknown}
 r - a scroll of amnesia {unknown}
 s - a scroll of teleportation {unknown}
Potions
 e - 2 potions of degeneration
 l - a potion of heal wounds
 n - a potion of mutation {unknown}
 o - a potion of haste {unknown}
 q - a potion of stabbing {unknown}
 v - a potion of magic {unknown}
 w - 3 potions of curing
Comestibles
 f - 12 rations


   Skills:
 + Level 4.7 Fighting
 + Level 4.2 Short Blades
 - Level 3.6 Throwing
 + Level 3.8 Armour
 + Level 4.3 Dodging
 - Level 1.2 Stealth


You had 7 spell levels left.
You didn't know any spells.
Your spell library contained the following spells:

 Spells                   Type           Power        Failure   Level  Hunger
 Animate Skeleton         Necr           N/A          85%         1    None
 Magic Dart               Conj           #...         85%         1    None
 Pain                     Necr           #...         85%         1    None
 Searing Ray              Conj           #.....       94%         2    None
 Dazzling Flash           Conj/Hex       #.....       99%         3    None
 Vampiric Draining        Necr           #.........   99%         3    None
 Animate Dead             Necr           N/A          100%        4    None
 Fulminant Prism          Conj/Hex       #.........   100%        4    None
 Iskenderun's Mystic Bla  Conj/Tloc      #.......     100%        4    None
 Summon Lightning Spire   Summ/Air       #.......     100%        4    None
 Agony                    Necr           #.......     100%        5    None
 Silence                  Hex/Air        #.........   100%        5    None
 Conjure Ball Lightning   Conj/Air       #.........   100%        6    None
 Deflect Missiles         Chrm/Air       #.........   100%        6    None
 Tornado                  Air            #.........   100%        9    None


Dungeon Overview and Level Annotations

Branches:
Dungeon (7/15)
 Temple: D:4-7

Altars:
Cheibriados
Yredelemnul

Annotations:
D:3 Terence
D:4 2 transporters, Arthanis's ghost, novice GrBe
D:5 1 runed translucent door, Tenar's ghost, novice GrEE
D:7 Harold


Innate Abilities, Weirdness & Mutations

You have razor-sharp teeth.
Your natural rate of healing is unusually fast.
When hurt, damage is shared between your health and your magic reserves.
Your bite disrupts and absorbs the magic of your enemies.
Potions cannot restore your health.
You are immune to rotting.


Message History

The orc warrior hits you with a +0 war axe!
* * * LOW HITPOINT WARNING * * *
It was a potion of curing.
That felt strangely inert.
It was a potion of brilliance.
You feel clever all of a sudden. The orc warrior completely misses you.
Evoke which item? (* to show all) (? for menu, Esc to quit)
Aiming: Disintegrate
Press: ? - help, Shift-Dir - straight line, f - orc warrior
Aim: an orc warrior, wielding a +0 war axe and wearing a +0 chain mail (chance to defeat MR: 65%)
The orc warrior is blasted!
The orc warrior hits you with a +0 war axe!
* * * LOW HITPOINT WARNING * * *
Evoke which item? (* to show all) (? for menu, Esc to quit)
Aiming: Disintegrate
Press: ? - help, Shift-Dir - straight line, f/p - orc warrior
Aim: an orc warrior, wielding a +0 war axe and wearing a +0 chain mail (moderately wounded, chance to defeat MR: 65%)
The orc warrior is blasted!
The orc warrior hits you with a +0 war axe!
You die...

############# ## #...........# .#
#.#########o# ####### .# #.# #@#
#.....# .### #.# #######.#
#.###.# ...###.# #.....#.# #.#
#.# ...'...###...#.#.# #.#
#.##### ...####......#.#<# #.#
#.....#
.............#.#####.#######.####
...#>............................
...#.##.#.##.#.#####...###.......
...#.##.#.##.#.# #.....#......#


You could see an orc warrior.

Vanquished Creatures
  A sky beast (D:7)
  A phantom (D:7)
  2 ogres
  A centaur (D:5)
  A scorpion (D:5)
  A killer bee (D:5)
  2 howler monkeys
  A crimson imp (D:7)
  3 hounds
  2 bullfrog skeletons
  An orc priest (D:5)
  3 orc wizards
  6 worker ants
  A mummy (D:5)
  3 gnolls (D:3)
  3 adders
  3 worms
  A dart slug (D:2)
  4 leopard geckos
  7 orcs
  A ball python (D:2)
  10 bats
  2 giant cockroaches
  3 goblins
  6 hobgoblins
  6 jackals
  A quokka (D:2)
  2 frilled lizards
  2 giant cockroach zombies (D:5)
  9 kobolds
  4 rats
93 creatures vanquished.

Notes
Turn   | Place    | Note
-------+----------+-------------------------------------------
     0 | D:1      | nono the Vine Stalker Hunter began the quest for the Orb.
     0 | D:1      | Reached XP level 1. HP: 11/11 MP: 2/2
   469 | D:1      | Reached XP level 2. HP: 9/15 MP: 1/3
  1181 | D:2      | Reached XP level 3. HP: 18/18 MP: 4/4
  1211 | D:2      | Reached skill level 1 in Short Blades
  1267 | D:2      | Reached skill level 1 in Armour
  1800 | D:3      | Noticed Terence
  1888 | D:3      | Gained mutation: Your natural rate of healing is unusually
                  | fast. [Vine Stalker growth]
  1888 | D:3      | Reached XP level 4. HP: 23/23 MP: 5/5
  2365 | D:4      | Found a transporter.
  2365 | D:4      | Noticed Arthanis's ghost (novice GrBe)
  2383 | D:4      | Reached XP level 5. HP: 21/27 MP: 6/6
  2552 | D:4      | Noticed an ogre
  2575 | D:4      | Killed an ogre
  2575 | D:4      | Reached XP level 6. HP: 9/32 MP: 3/7
  2678 | D:4      | Found a transporter.
  2894 | D:5      | Entered Level 5 of the Dungeon
  3114 | D:5      | Found a snail-covered altar of Cheibriados.
  3249 | D:5      | Found a runed translucent door.
  3250 | D:5      | Noticed Tenar's ghost (novice GrEE)
  3638 | D:5      | Reached XP level 7. HP: 23/37 MP: 8/8
  4314 | D:6      | Found a basalt altar of Yredelemnul.
  4596 | D:7      | Gained mutation: You have razor-sharp teeth. [Vine Stalker
                  | growth]
  4596 | D:7      | Reached XP level 8. HP: 34/42 MP: 9/9
  4839 | D:7      | Noticed a komodo dragon
  4897 | D:6      | HP: 1/42 [orc priest/divine providence (13)]
  4912 | D:6      | HP: 2/42 [orc priest/divine providence (7)]
  5026 | D:7      | Noticed Harold
  5093 | D:5      | Mangled by an orc warrior

Levels and vault maps discovered:
D:1:      dpeg_arrival_brainrot, layout_basic
D:2:      layout_basic, lemuel_coloured_pillars_altar,
          minmay_misc_feat_diagonals, minmay_increasing_density
D:3:      layout_loops_ring, first_ration, kennysheep_generic_room_15,
          uniq_terence
D:4:      layout_basic, gammafunk_ghost_arena
D:5:      layout_basic, slow_altar_2, ebering_ghost_sewer_d
D:6:      layout_loops_ring, yredelemnul_altar_generic,
          kennysheep_generic_room_8, uniq_crazy_yiuf_cottage
D:7:      hangedman_cross_stitches, layout_loops_ring,
          minmay_temple_entry_statues, grunt_livestock, uniq_harold

Skill      XL: |  1  2  3  4  5  6  7  8 |
---------------+-------------------------+-----
Fighting       | 2 3 4 |  4.7
Dodging        | 2 3 4 |  4.3
Short Blades   | 1 2 3 4 |  4.2
Armour         | 1 2 3 |  3.8
Throwing       | |  3.6
Stealth        | |  1.2

Action                   |  1- 3 |  4- 6 |  7- 9 || total
-------------------------+-------+-------+-------++-------
Melee: Short sword       |   146 |   211 |   192 ||   549
       Bite              |    46 |    79 |    79 ||   204
Throw: Javelin           |       |     6 |     8 ||    14
       Throwing net      |       |     2 |     2 ||     4
Evoke: Wand              |       |     1 |     2 ||     3
  Use: Potion            |       |       |     4 ||     4
 Stab: Sleeping          |     2 |       |       ||     2
       Held in net/web   |       |     1 |     1 ||     2
  Eat: Chunk             |     3 |     6 |     4 ||    13
Armor: Leather armour    |    42 |     2 |       ||    44
       Scale mail        |       |    53 |    67 ||   120
Dodge: Dodged            |   106 |   116 |   111 ||   333

Table legend:
 A = Non-vault XP
 B = Vault XP
 C = Vault XP percentage of total XP
 D = Non-vault monster count
 E = Vault monster count
 F = Vault count percentage of total count
                 A         B        C        D         E       F
            +---------+---------+-------+---------+---------+-------
      Total |    1481 |     223 |  13.1 |      76 |      17 |  18.3
            +---------+---------+-------+---------+---------+-------
        D:1 |      22 |       2 |   8.3 |      13 |       1 |   7.1
        D:2 |      30 |      15 |  33.3 |      15 |       8 |  34.8
        D:3 |      64 |       2 |   3.0 |      11 |       1 |   8.3
        D:4 |     307 |       0 |   0.0 |      12 |       0 |   0.0
        D:5 |     586 |      18 |   3.0 |      18 |       1 |   5.3
        D:6 |      78 |      13 |  14.3 |       2 |       1 |  33.3
        D:7 |     394 |     173 |  30.5 |       5 |       5 |  50.0
            +---------+---------+-------+---------+---------+-------
